 Dungeon Crawl Stone Soup version 0.30-a0-802-gb92711bcdf (webtiles) character file.

Game seed: 13289967290173469217

40 cforsyth the Sneak (level 3, 0/22 HPs)
             Began as a Kobold Brigand on Feb 23, 2023.
             Slain by a hobgoblin (6 damage)
             ... led by Robin
             ... on level 2 of the Dungeon.
             The game lasted 00:00:47 (837 turns).

cforsyth the Sneak (Kobold Brigand)                  Turns: 837, Time: 00:00:47

Health: 0/22       AC:  3    Str:  8    XL:     3   Next: 72%
Magic:  3/3        EV: 15    Int: 12    God:
Gold:   31         SH:  0    Dex: 18    Spells: 2/2 levels left

rFire   . . .      SeeInvis .    a - +2 dagger
rCold   . . .      Faith    .    (no shield)
rNeg    + . .      Spirit   .    b - +0 robe
rPois   .          Reflect  .    (no helmet)
rElec   .          Harm     .    c - +0 cloak
rCorr   .          Rampage  .    (no gloves)
Will    .....                    (no boots)
Stlth   ++++                     (no amulet)
HPRegen 0.23/turn                f - ring of positive energy
MPRegen 0.08/turn                (no ring)

@: no status effects
A: small, no large weapons, nightstalker 3
a: no special abilities


You were on level 2 of the Dungeon.
You visited 1 branch of the dungeon, and saw 2 of its levels.

You collected 31 gold pieces.

Inventory:

Hand Weapons
 a - a +2 dagger (weapon)
Missiles
 d - 15 poisoned darts (quivered)
 e - 3 curare-tipped darts
Armour
 b - a +0 robe (worn)
 c - a +0 cloak (worn)
Jewellery
 f - a ring of positive energy (left hand)
Scrolls
 g - a scroll of enchant weapon {unknown}
 h - a scroll of vulnerability {unknown}
 j - a scroll of fear {unknown}
 k - a scroll of identify {unknown}
 m - a scroll of blinking {unknown}
 n - a scroll of enchant armour {unknown}
 o - a scroll of amnesia {unknown}
Potions
 i - a potion of curing {unknown}
 l - a potion of ambrosia {unknown}


   Skills:
 + Level 2.7 Fighting
 + Level 3.4 Short Blades
 - Level 2.1 Throwing
 + Level 2.1 Dodging
 + Level 5.8 Stealth


You had 2 spell levels left.
You didn't know any spells.
Your spell library contained the following spells:

 Spells                   Type           Power      Damage    Failure   Level
 Ozocubu's Armour         Ice            0%         N/A       69%         3
 Ozocubu's Refrigeration  Ice            0%         4d7       100%        7


Dungeon Overview and Level Annotations

Branches:
Dungeon (2/15)

Altars:

Annotations:
D:2 Robin


Innate Abilities, Weirdness & Mutations

You are small and have problems with some larger weapons.
You are completely attuned to the shadows.


Message History

A hobgoblin and a goblin come into view.
You see here a +0 club.
The helpless hobgoblin fails to defend itself.
You impale the hobgoblin!!
You kill the hobgoblin!
The hobgoblin shouts!
The goblin shouts!
The hobgoblin shouts!
You hear a shout! x2
Robin throws the goblin at you! The goblin hits you with a +0 dagger.
A goblin comes into view. It is wielding a +0 club.
A goblin comes into view. It is wielding a +0 dagger.
The goblin shouts! x2
You hit the goblin.
The goblin is severely wounded.
A goblin comes into view. It is wielding a +0 club.
Robin roars a battlecry!
The goblins go into a battle-frenzy!
The goblin closely misses you.
You hear a shout!
You hit the goblin.
You kill the goblin!
The goblin hits you but does no damage.
A goblin comes into view. It is wielding a +0 dagger.
You barely miss the goblin. You hit the goblin.
The goblin is heavily wounded.
Robin throws the goblin at you! The goblin hits you with a +0 dagger.
The goblin hits you with a +0 club. The hobgoblin closely misses you.
You hit the goblin.
You kill the goblin!
The hobgoblin barely misses you. The goblin closely misses you.
The hobgoblin hits you but does no damage.
You hit Robin.
Robin is lightly wounded.
Robin closely misses you. The hobgoblin hits you. The goblin misses you.
The hobgoblin barely misses you. Robin attacks as you move away!
Robin closely misses you. Robin throws the goblin at you!
The goblin hits you with a +0 club.
* * * LOW HITPOINT WARNING * * *
The hobgoblin hits you.
You die...

.........†........†........#
.........<......##.........#
#########.......##.(.......#
#######.........##.........#
.....##.#.#.....############
####..#.#.......#
##...#..##.?######
#).#...###.g....# #.....†#
##g@..?# ........# #gg...#
#>......# #gg#####
......###..g# #...# ....#


You could see Robin, 2 hobgoblins and 4 goblins.

Vanquished Creatures
  A gnoll (D:1)
  2 ball pythons (D:1)
  A bat (D:1)
  An endoplasm (D:1)
  2 giant cockroaches
  6 goblins
  5 hobgoblins
  2 jackals (D:2)
  A kobold (D:2)
  2 quokkas (D:1)
  A frilled lizard (D:1)
  A rat (D:1)
25 creatures vanquished.

Vanquished Creatures (others)
  2 plants (D:2)
2 creatures vanquished.

Grand Total: 27 creatures vanquished

Notes
Turn   | Place    | Note
-------+----------+-------------------------------------------
     0 | D:1      | cforsyth the Kobold Brigand began the quest for the Orb.
     0 | D:1      | Reached XP level 1. HP: 12/12 MP: 1/1
    24 | D:1      | Reached XP level 2. HP: 18/18 MP: 2/2
   312 | D:1      | Reached XP level 3. HP: 22/22 MP: 3/3
   826 | D:2      | Noticed Robin
   837 | D:2      | Slain by a hobgoblin

Illustrated notes

Levels and vault maps discovered:
D:1:      lemuel_arrival_cross, layout_loops_ring
D:2:      layout_rooms, nrook_mini_backslash, minmay_shallow_snake_nest,
          uniq_robin, uniq_jessica

Skill      XL: |  1  2  3 |
---------------+----------+-----
Short Blades   | 3 |  3.4
Dodging        | 2 |  2.1
Fighting       | |  2.7
Throwing       | |  2.1
Stealth        | |  5.8

Action                     || total
---------------------------++-------
  Melee: Dagger            ||    37
   Stab: Sleeping          ||    18
 Armour: Robe              ||     8
  Dodge: Dodged            ||    18

Table legend: (Time is in decaauts)
 A = Elapsed time spent in this place.
 B = Non-inter-level travel time spent in this place.
 C = Inter-level travel time spent in this place.
 D = Time resting spent in this place.
 E = Time spent auto-exploring this place.
 F = Levels seen in this place.
 G = Mean time per level.
                   A        B        C        D        E       F      G
               +--------+--------+--------+--------+--------+-----+--------+
         Total |    830 |    818 |     12 |      0 |    695 |   2 |  415.0 |
       Dungeon |    830 |    818 |     12 |      0 |    695 |   2 |  415.0 |
               +--------+--------+--------+--------+--------+-----+--------+

Top non-repeatable levels by time:
     D:1: 699 daAuts
     D:2: 131 daAuts
